 Dungeon Crawl Stone Soup version 0.8.0-151-ga56b52c character file.

809802 SloppyApplesause the Petrodigitator (level 27, -11/163 HPs)
             Began as a Sludge Elf Earth Elementalist on May 16, 2011.
             Was the Champion of Ashenzari.
             Killed from afar by a Fiend (32 damage)
             ... with a blast of hellfire
             ... on Level 7 of Gehenna on May 18, 2011.
             The game lasted 12:05:18 (143335 turns).

SloppyApplesause the Petrodigitator (SEEE)        Turns: 143335, Time: 12:05:18

HP -11/163       AC 22     Str 12 Exp: 27/2644222 (45196)
MP   4/49        EV 31     Int 39      God: Ashenzari [******]
Gold 5958        SH 22     Dex 19      Spells: 20 memorised,  0 levels left

Res.Fire  : + + +   See Invis. : +   b - staff of earth
Res.Cold  : + + .   Warding    : . . G - +2 robe {Archmagi} (curse)
Life Prot.: + + +   Conserve   : +   R - +3 buckler {rF+} (curse)
Res.Acid. : . . .   Res.Corr.  : .   D - +2 helmet of Paranoia {+Inv Int+2}
Res.Poison: +       Clarity    : +   A - +2 cloak (curse)
Res.Elec. : +       Spirit.Shd : .   o - +2 pair of elf gauntlets {Dex+3}
Sust.Abil.: + .     Stasis     : .   W - +3 pair of boots of Rasaink {rPois Int+1}
Res.Mut.  : .       Ctrl.Telep.: .   l - cursed amulet of conservation
Res.Rott. : +       Levitation : .   P - cursed ring of Xyumomo {SustAb rF+ rC+ Stl Saprovore : . . . Ctrl.Flight: . E - ring of the Snail {+Blink rN+ Int+5 Acc-3}

@: lich-form, about to teleport, very slightly glowing, rotting, hasted, very
quick, extraordinarily resistant to hostile enchantments, extremely stealthy
A: Str +1, Int +1, Dex +1
a: End Transformation, Scrying, Transfer Knowledge, Renounce Religion, Evoke
Blink, Evoke Invisibility


You were on level 7 of Gehenna.
You worshipped Ashenzari.
Ashenzari was exalted by your worship.
You were not hungry.
You were in lich-form.
You visited 15 branches of the dungeon, and saw 89 of its levels.
You visited 1 Labyrinth.
You visited 3 portal chambers: ossuary, volcano, ice cave.

You collected 13229 gold pieces.
You spent 7291 gold pieces at shops.

Inventory:

Hand weapons
 i - a +2,+1 dwarven hand axe of distortion (quivered)
 Q - a +3,+0 elven short sword of protection
Armour
 o - a +2 pair of elven gauntlets of dexterity (worn)
 A - a cursed +2 cloak (worn)
 D - the cursed +2 helmet of Paranoia (worn) {+Inv Int+2}
   (You found it on level 3 of the Lair of Beasts)

   It affects your intelligence (+2).
   It lets you turn invisible.
   It has a curse placed upon it.
 G - a cursed +2 robe of the Archmagi (worn)
 R - a cursed +3 buckler of fire resistance (worn)
 W - the cursed +3 pair of boots of Rasaink (worn) {rPois Int+1}
   (You bought it in a shop on level 4 of the Orcish Mines)

   It affects your intelligence (+1).
   It protects you from poison.
   It has a curse placed upon it.
Magical devices
 s - a wand of disintegration (17)
 y - a wand of hasting (8)
 N - a wand of teleportation (6)
Comestibles
 f - 3 royal jellies
 h - 4 honeycombs
 q - 5 meat rations
Scrolls
 n - 3 scrolls of identify
 J - 4 scrolls of fog
Jewellery
 k - the ring of Shaolin {EV+8}
   (You found it on level 7 of the Iron City of Dis)

   [ring of evasion]

   It affects your evasion (+8).
 l - a cursed amulet of conservation (around neck)
 u - an uncursed ring of teleport control
 E - the ring of the Snail (left hand) {+Blink rN+ Int+5 Acc-3}
   (You found it on level 3 of the Elven Halls)

   [ring of intelligence]

   It affects your intelligence (+5).
   It affects your accuracy (-3).
   It protects you from negative energy.
   It lets you blink.
 O - the ring of Niuloece {Hunger- Str+5 Dex+3}
   (You found it on level 5 of the Shoals)

   [ring of sustenance]

   It affects your strength (+5).
   It affects your dexterity (+3).
 P - the cursed ring of Xyumomo (right hand) {SustAb rF+ rC+ Stlth++}
   (You bought it in a shop on level 8 of the Vaults)

   [ring of sustain abilities]

   It protects you from fire.
   It protects you from cold.
   It makes you much more stealthy.
   It has a curse placed upon it.
Potions
 t - a potion of resistance
Books
 v - a manual of Ice Magic
Magical staves
 a - a staff of energy
 b - a staff of earth (weapon)
Miscellaneous
 V - a crystal ball of energy You had 45196 experience left.


   Skills:
 + Level 11 Fighting
 - Level 12 Staves
 + Level 21 Dodging
 + Level 10 Stealth
 - Level 2 Stabbing
 - Level 9 Shields
 - Level 4 Traps & Doors
 * Level 27 Spellcasting
 + Level 9 Conjurations
 + Level 9 Charms
 + Level 11 Summonings
 + Level 16 Necromancy
 + Level 14 Translocations
 + Level 18 Transmutations
 + Level 15 Ice Magic
 + Level 3 Air Magic
 * Level 27 Earth Magic
 + Level 16 Evocations


You couldn't memorise any spells.
You knew the following spells:

 Your Spells              Type           Power        Success   Level  Hunger
a - Sandblast             Erth           #######      Perfect     1    N/A
b - Stoneskin             Erth/Trmt      ##########   Perfect     2    N/A
c - Blink                 Tloc           N/A          Perfect     2    N/A
d - Stone Arrow           Erth/Conj      #######      Perfect     3    N/A
e - Animate Skeleton      Necr           N/A          Perfect     1    N/A
f - Deflect Missiles      Air/Chrm       #######...   Great       6    N/A
g - Lehudib's Crystal Sp  Erth/Conj      ##########   Excellent   8    N/A
h - Abjuration            Summ           #########.   Perfect     3    N/A
i - Alistair's Intoxicat  Pois/Trmt      N/A          Excellent   4    N/A
j - Haste                 Chrm           #########    Excellent   6    N/A
k - Insulation            Air/Chrm       #######...   Excellent   4    N/A
l - Phase Shift           Tloc           #########.   Excellent   5    N/A
m - Leda's Liquefaction   Erth/Trmt      ##########   Perfect     4    N/A
n - Necromutation         Trmt/Necr      ##########   Excellent   8    N/A
o - Fulsome Distillation  Trmt/Necr      N/A          Perfect     1    N/A
p - Control Teleport      Chrm/Tloc      #########.   Excellent   4    N/A
q - Teleport Self         Tloc           N/A          Excellent   5    N/A
r - Freezing Aura         Ice/Chrm       #########.   Perfect     2    N/A
s - Sublimation of Blood  Necr           ##########   Perfect     2    N/A
z - Shatter               Erth           ##########   Excellent   9    N/A

Dungeon Overview and Level Annotations

Branches:
Dungeon (27/27)            Temple (1/1) D:6             Orc (4/4) D:10
    Elf (5/5) Orc:3          Lair (8/8) D:12         Shoals (5/5) Lair:5
  Slime (0/6) Lair:7        Snake (5/5) Lair:5         Hive (2/2) D:14
  Vault (8/8) D:19          Blade (1/1) Vault:5       Crypt (5/5) Vault:2
   Tomb (3/3) Crypt:2         Dis (7/7) Hell            Geh (7/7) Hell
    Tar (0/7) Hell            Zot (0/5) D:27
    Coc: Hell:1

Altars:
Ashenzari
Cheibriados
Elyvilon
Fedhas
Kikubaaqudgha
Makhleb
Nemelex Xobeh
Okawaru
Sif Muna
The Shining One
Trog
Vehumet
Xom
Yredelemnul
Zin
Beogh

Shops:
D:16: % D:18: [ D:20: ! D:22: + D:25: / Orc:4: +[== Elf:1: = Elf:5: + Shoals:5: * Snake:5: *+* Vault:4: [ Vault:8: =

Portals:
Hell: D:21 D:22 D:23 D:24 D:25 D:26 D:27 Dis:1* Dis:2* Dis:3 Dis:4 Dis:5 Dis:6* Dis:7*** Geh:1 Geh:2 Geh:3 Geh:4 Geh:5 Geh:6* Geh:7*
Abyss: D:21 D:23 D:25 D:27
Pan: D:24 D:25

Annotations
Lair:4 exclusion: oklob plant


Innate Abilities, Weirdness & Mutations

You are agile (Dex +1).
Your mind is acute (Int +1).
Your muscles are strong (Str +1).


Message History

Ka-crash!
You hit the Fiend. You crush the Fiend!
The Fiend is moderately wounded.
You barely miss the Fiend. The Fiend gestures at you.
The hellfire explodes!
You die...

· ≈≈ ≈ ≈≈≈ ≈≈≈#≈##≈≈≈#∙#
··· ≈≈ ≈ ≈≈≈≈ ≈ ≈≈≈≈≈####
··≈≈ ≈ ≈≈ ≈ ≈≈ ▒▒·▒≈≈≈∙
·· · ≈ ≈ ≈ ≈ ≈ ≈ ≈ ░ ░░
▒·≈∙∙ ' ░░░░ ░░░░ ·░ ░··
· · ▒≈≈∙ ' ░ ░ ░ ░░·░· ░·
░ ░░░░{ · ▒≈≈≈ · · ··· ·
· ···' ··░▒#∙∙ ' ' ░ ░
░░░ · · ▒▒ ░·· ░▒≈∙∙ ' ░
░░▒▒▒▒▒▒▒▒▒∙▒▒▒·▒▒░ ·
▒≈∙∙ ··· ·
∙∙∙∙∙∙##L##∙∙∙∙▒▒░' ▒▒≈≈∙
·· · ···
∙∙∙∙∙∙###1#∙∙∙∙∙▒ '▒▒≈≈∙∙
≈ ≈≈≈ ≈≈≈∙∙∙∙####∙∙∙∙∙∙
{▒≈≈≈∙∙ ░≈≈
≈≈≈≈≈∙∙∙∙∙∙)∙∙∙∙∙░·▒≈≈≈∙∙
·· #≈≈≈#≈≈∙∙∙∙∙∙1{∙∙
·▒≈#≈∙∙ ·░≈≈≈
≈≈≈≈#≈≈≈≈∙∙∙∙∙∙∙· ▒≈≈≈∙∙
··· ≈≈ ≈
#≈≈≈≈≈≈≈≈∙∙∙{∙∙·░ ▒9≈#∙∙
░ ≈≈ ≈ ≈≈##≈≈≈##≈∙∙∙∙∙ ░
▒###≈∙ · ░ ░
░▒▒≈#≈#≈#≈##∙∙··░ ▒≈≈≈≈∙


You could see a Fiend.

Vanquished Creatures
  Dispater (Dis:7)
  Khufu (Crypt:1)
  2 ancient liches
  32 greater mummies
  Saint Roka (Shoals:5)
  Boris (Snake:3)
  Margery (D:21)
  Mennas (Snake:4)
  Geryon (Hell)
  3 golden dragons
  5 Fiends
  Xtahua (D:27)
  Frederick (D:27)
  3 titans
  A curse skull (Crypt:2)
  2 deep elf blademasters (Elf:5)
  14 shadow dragons
  12 sphinxes
  2 quicksilver dragons (shapeshifter)
  Kirke (Snake:2)
  A quicksilver dragon (Vault:8)
  9 storm dragons
  A Shadow Fiend (Dis:5)
  7 liches
  Rupert (Elf:4)
  Agnes (Shoals:5)
  2 Balrugs (Geh:7)
  Roxanne (Elf:4)
  An Executioner (Dis:3)
  Aizul (Elf:1)
  Ilsuiw (Shoals:5)
  A frost giant (Vault:7)
  6 ghouls
  3 iron dragons (Dis:7)
  2 Ice Fiends (Dis:7)
  Donald (Snake:5)
  5 bone dragons
  11 fire giants
  Wiglaf (D:22)
  9 tentacled monstrosities
  Maud (D:14)
  Gastronok (Lair:8)
  A stone giant (shapeshifter) (Vault:6)
  87 stone giants
  A quicksilver dragon skeleton (Crypt:2)
  19 greater nagas (Snake:5)
  10 deep elf annihilators
  17 ettins
  5 dire elephants (Lair:8)
  6 deep elf death magi (Elf:5)
  6 deep elf sorcerers
  A dire elephant (shapeshifter) (Vault:5)
  2 deep elf master archers (Elf:5)
  A Green Death (D:27)
  4 vampire knights
  2 titan zombies (Crypt:5)
  Snorg (Elf:1)
  An ettin (shapeshifter) (Vault:8)
  64 yaktaur captains
  29 mummy priests
  A minotaur (Lab)
  24 vault guards (Vault:8)
  2 sirens
  A storm dragon skeleton (D:22)
  2 dragons
  A great orb of eyes (shapeshifter) (D:16)
  A titan skeleton (Vault:5)
  3 great orbs of eyes
  An ice dragon (D:22)
  12 hydras
  Harold (D:16)
  5 merfolk javelineers (Shoals:5)
  Polyphemus (Shoals:5)
  A shadow dragon zombie (Geh:1)
  An anaconda zombie (Tomb:1)
  A golden dragon skeleton (Crypt:4)
  8 deep elf demonologists (Elf:5)
  A hydra (shapeshifter) (D:17)
  8 ogre magi
  An alligator snapping turtle (Shoals:5)
  An anaconda skeleton (Snake:3)
  5 anacondas
  5 death yaks (Shoals:5)
  A shadow dragon skeleton (D:24)
  3 iron dragon zombies
  2 anacondas (shapeshifter)
  25 deep trolls
  2 frost giant zombies
  A deep troll (shapeshifter) (Vault:8)
  3 deep elf high priests
  7 merfolk impalers
  Nergalle (Elf:4)
  The ghost of wongasta the Basher, an experienced DSGl of Okawaru (D:13)
  5 stone giant zombies
  10 very ugly things
  4 iron dragon skeletons
  5 orc high priests (Orc:4)
  A sun demon (Geh:7)
  A fire giant skeleton (D:22)
  5 sphinx skeletons
  18 centaur warriors
  7 iron golems
  11 iron trolls
  3 frost giant skeletons
  7 griffons
  A dire elephant zombie (Geh:6)
  22 stone giant skeletons
  A death drake (shapeshifter) (Vault:3)
  35 dancing weapons
  An ice devil (Hell)
  31 deep elf knights
  5 soul eaters
  7 shadow wraiths
  13 hell knights
  A sea snake (shapeshifter) (D:19)
  7 unseen horrors
  A black draconian zombie (Crypt:2)
  15 naga warriors
  A swamp dragon (shapeshifter) (Vault:8)
  91 skeletal warriors
  3 purple draconian zombies
  A lindwurm (Port)
  26 orc knights
  2 alligator snapping turtle skeletons
  6 hill giants
  6 sea snakes
  An elephant slug zombie (Crypt:5)
  4 giant amoebae
  2 grey draconian zombies
  4 ice statues
  A purple draconian skeleton (Crypt:1)
  9 flayed ghosts
  9 necromancers
  Pikel (D:6)
  2 vampire magi
  A sea snake skeleton (Shoals:1)
  A pale draconian skeleton (Crypt:5)
  6 hellions
  A hill giant (shapeshifter) (Vault:8)
  A minotaur zombie (Crypt:5)
  2 death yak skeletons
  A harpy zombie (Vault:1)
  22 harpies
  A black draconian skeleton (Crypt:2)
  Joseph (D:7)
  Urug (Elf:1)
  7 oklob plants
  4 spiny worms
  3 orc sorcerers
  3 crystal golems (Crypt:5)
  A hydra zombie (Geh:7)
  2 iron troll skeletons
  A siren zombie (Crypt:2)
  10 statues
  A red wasp (shapeshifter) (Vault:7)
  A guardian serpent (shapeshifter) (D:27)
  A death drake skeleton (Dis:2)
  6 flaming corpses
  A human (Snake:2)
  12 cyclopes
  12 guardian serpents (Snake:5)
  2 door mimics
  3 guardian serpent zombies
  A sixfirhy (Tomb:2)
  A red wasp (Vault:1)
  5 phantasmal warriors
  2 ice dragon zombies
  2 griffon zombies
  A minotaur skeleton (Crypt:1)
  A cyclops (shapeshifter) (Vault:8)
  2 red wasp zombies (D:15)
  2 wolf spiders
  2 ettin zombies (Crypt:2)
  A dragon zombie (Vault:2)
  A wolf spider zombie (Crypt:2)
  4 trapdoor spider zombies (Tomb:1)
  2 spiny worm zombies
  A stone giant simulacrum (D:22)
  8 ettin skeletons
  107 yaktaurs
  34 black mambas
  A shop mimic (D:17)
  99 slime creatures
  8 elephants
  20 reapers
  2 dragon skeletons
  A trapdoor spider (D:18)
  2 black mamba zombies
  7 orange demons
  9 tormentors
  A yaktaur (shapeshifter) (Vault:4)
  14 spiny frogs
  2 rock trolls (shapeshifter)
  8 elf zombies
  A hill giant zombie (Geh:6)
  9 mermaids
  A slime creature (shapeshifter) (D:21)
  14 rock trolls
  99 guardian mummies
  3 black mamba skeletons
  A mermaid (shapeshifter) (Vault:8)
  An elephant (shapeshifter) (Vault:8)
  6 hellwings
  An alligator snapping turtle simulacrum (Tomb:1)
  14 naga magi
  A spriggan zombie (Crypt:2)
  126 ugly things
  4 redbacks
  8 beasts
  27 iron devils
  4 komodo dragons
  A spriggan skeleton (Crypt:3)
  A hill giant skeleton (D:16)
  A troll (shapeshifter) (D:21)
  2 rock troll zombies
  A spriggan (shapeshifter) (Vault:8)
  A queen bee (Hive:2)
  26 two-headed ogres
  15 snapping turtles
  2 komodo dragons (shapeshifter)
  10 trolls
  An agate snail zombie (Crypt:5)
  A raven skeleton (Geh:2)
  16 human zombies
  2 elves (shapeshifter)
  9 blink frogs
  6 deep troll skeletons
  2 brown oozes (Lair:7)
  2 human skeletons (Crypt:5)
  2 baby alligator skeletons
  7 bumblebees
  A rock troll skeleton (Vault:3)
  12 vampires
  A redback zombie (Hell)
  2 merfolk zombies
  3 snapping turtle skeletons
  21 yaks
  A blink frog zombie (Dis:7)
  2 fire elementals (Port)
  8 hungry ghosts
  2 draconian zombies
  3 trapdoor spider simulacra (Tomb:1)
  9 blue devils
  A lindwurm zombie (Crypt:4)
  2 merfolk skeletons (Shoals:5)
  2 shadow demons
  18 deep elf conjurers
  19 giant toads
  A wyvern (Lair:7)
  A shark (Shoals:4)
  6 fire crab zombies
  23 metal gargoyles
  2 elephant zombies
  2 hairy devils (Tomb:1)
  A steam dragon (D:12)
  2 toenail golems (Port)
  2 air elementals
  5 ynoxinuls
  4 neqoxecs
  A viper zombie (Crypt:2)
  21 wraiths
  2 fire drakes
  6 vipers
  39 merfolk
  13 deep elf summoners
  6 blink frog skeletons
  A golden eye (shapeshifter) (Vault:2)
  5 merfolk (shapeshifter)
  A hill giant simulacrum (Tomb:1)
  A rock worm (D:15)
  5 yaktaur zombies
  A mermaid zombie (Crypt:5)
  2 viper skeletons (Snake:2)
  4 hogs (Snake:2)
  6 molten gargoyles
  8 water elementals
  10 hippogriffs
  32 deep elf fighters
  A soldier ant (shapeshifter) (D:21)
  A manticore (shapeshifter) (D:24)
  15 manticores
  A fire drake (shapeshifter) (Vault:8)
  5 vampire mosquitoes
  A giant slug zombie (Geh:6)
  26 necrophages
  6 mottled dragons
  3 draconians (shapeshifter)
  5 orange crystal statues
  A cyclops zombie (Crypt:1)
  16 yaktaur skeletons
  17 hell hounds
  A mottled dragon (shapeshifter) (Elf:3)
  3 cyclops skeletons
  3 giant goldfish
  22 freezing wraiths
  2 hippogriff zombies
  29 insubstantial wisps
  2 phantoms
  12 ice beasts
  8 deep elf priests
  66 orc warriors
  8 red devils
  9 sky beasts
  A yak zombie (D:12)
  A bumblebee zombie (Hell)
  Menkaure (D:7)
  43 ogres
  4 slaves (D:6)
  7 boring beetles
  A boring beetle (shapeshifter) (Vault:4)
  8 big kobolds
  A grizzly bear skeleton (Crypt:3)
  7 yellow wasps
  A crocodile (shapeshifter) (Elf:2)
  5 gila monsters
  18 centaurs
  2 rotting devils
  10 wargs
  2 troll skeletons
  Sigmund (D:7)
  Duvessa (D:5)
  A hippogriff skeleton (Shoals:1)
  76 nagas
  18 giant frogs
  27 water moccasins
  5 brain worms
  6 crocodiles
  2 lava worms (Geh:7)
  A war dog zombie (Dis:7)
  2 boulder beetle zombies
  3 small abominations
  A black bear zombie (Crypt:2)
  A giant frog zombie (Crypt:2)
  2 yellow wasp zombies
  6 giant slugs
  2 silver statues
  A boring beetle zombie (Crypt:4)
  34 deep elf magi
  A centaur skeleton (Crypt:4)
  5 centaur zombies
  A soldier ant zombie (Dis:7)
  4 water moccasin skeletons
  A two-headed ogre zombie (D:14)
  4 agate snails
  2 giant frog skeletons
  An eye of draining (shapeshifter) (D:26)
  11 elf skeletons
  18 jellyfish
  A water moccasin zombie (D:25)
  2 lava fish (Geh:7)
  A giant slug simulacrum (Tomb:3)
  39 wights
  11 boulder beetles
  3 eyes of draining
  A killer bee zombie (Crypt:4)
  119 killer bees
  A felid zombie (Crypt:1)
  A demigod zombie (Crypt:2)
  16 electric eels
  A big kobold zombie (D:14)
  3 brain worm zombies
  A demonspawn zombie (Crypt:2)
  A dwarf zombie (Dis:2)
  A kenku zombie (Crypt:2)
  A mottled dragon zombie (D:21)
  2 gnome skeletons
  4 goliath beetles
  10 hounds
  19 shadows
  Dowan (D:5)
  2 big kobold skeletons (D:12)
  A mottled dragon skeleton (D:16)
  An ogre zombie (Geh:1)
  15 spiders
  A demigod skeleton (Crypt:1)
  3 lava snakes
  2 quasits
  22 imps
  36 orc priests
  8 iron imps
  10 big fish
  2 crocodile skeletons
  27 orc wizards
  9 scorpions
  A worker ant (shapeshifter) (D:19)
  9 iguanas
  2 naga skeletons
  3 orange rats
  An orange rat zombie (Crypt:1)
  50 deep elf soldiers
  7 porcupines
  12 worker ants
  2 orange rat skeletons
  A swamp drake zombie (Crypt:2)
  3 hound skeletons
  3 worker ant zombies
  A steam dragon zombie (Crypt:3)
  A swamp drake skeleton (Crypt:3)
  Jessica (D:3)
  6 sheep
  A worm zombie (D:6)
  5 boggarts (D:18)
  7 jellies
  A fire vortex (Port)
  52 mummies
  83 flying skulls
  6 gnolls
  A gnoll (shapeshifter) (Vault:3)
  A giant centipede (shapeshifter) (Vault:8)
  19 green rats
  39 snakes
  2 halfling skeletons
  A halfling zombie (Crypt:2)
  2 iguana skeletons
  4 giant centipedes
  5 giant mites
  A porcupine zombie (Crypt:2)
  A shadow imp (D:27)
  A snake zombie (Crypt:2)
  4 snake skeletons
  A white imp (D:27)
  8 worms
  8 ufetubi
  4 grey rats
  2 giant eyeballs
  2 gnoll zombies
  4 megabat skeletons
  2 megabat zombies
  5 giant geckos
  A gnoll skeleton (Dis:7)
  A green rat skeleton (Crypt:3)
  An ooze (D:7)
  198 orcs
  11 giant cockroaches
  28 hobgoblins
  10 quokkas
  5 small snakes
  A giant cockroach (shapeshifter) (Vault:4)
  2 giant cockroach zombies (Crypt:2)
  3 giant gecko skeletons
  A giant gecko zombie (Geh:2)
  9 giant newts
  2 giant newt skeletons
  22 goblins
  A goblin skeleton (Crypt:2)
  A hobgoblin skeleton (D:18)
  2 hobgoblin zombies
  26 jackals
  A jackal simulacrum (Crypt:5)
  A jackal zombie (Dis:7)
  46 killer bee larvae
  37 kobolds
  2 kobold skeletons
  2 kobold zombies (Crypt:2)
  37 megabats
  5 orc skeletons
  5 orc zombies
  A quokka skeleton (D:18)
  40 rats
  2 rat skeletons
  A rat zombie (Crypt:2)
  A small snake skeleton (Geh:7)
  A ballistomycete (D:11)
  17 bushes
  2 butterflies
  18 fungi
  46 plants
  172 toadstools
4264 creatures vanquished.

Vanquished Creatures (collateral kills)
  A Fiend (Dis:7)
  A shadow dragon (Vault:7)
  A tentacled monstrosity (D:24)
  A stone giant (D:24)
  2 yaktaur captains
  A siren (Shoals:3)
  2 ogre magi
  A centaur warrior (D:23)
  A soul eater (D:27)
  A skeletal warrior (D:17)
  A harpy (Shoals:4)
  A hill giant (D:24)
  A phantasmal warrior (D:24)
  An elf zombie (Elf:5)
  A yaktaur (Shoals:3)
  A slime creature (D:19)
  2 iron devils (Dis:7)
  A spriggan skeleton (Dis:7)
  A bumblebee (D:27)
  A two-headed ogre (Vault:6)
  2 merfolk
  A hippogriff (Shoals:3)
  3 vampire mosquitoes (D:17)
  A deep elf fighter (Elf:5)
  A yak (D:19)
  7 insubstantial wisps
  An ice beast (D:23)
  An orc warrior (D:24)
  2 ogres (D:25)
  A yak skeleton (D:13)
  2 water moccasins (Snake:3)
  A naga (Snake:4)
  An agate snail (D:24)
  2 boulder beetles (D:23)
  2 shadows (Dis:7)
  A hound zombie (D:24)
  A scorpion (D:23)
  A big fish (D:22)
  2 deep elf soldiers (Elf:5)
  A flying skull (Crypt:5)
  4 snakes
  An orc (D:19)
  A giant newt (D:18)
  2 kobold zombies (D:17)
  2 megabats
  A rat (D:16)
  A butterfly (Shoals:2)
  2 toadstools
71 creatures vanquished.

Vanquished Creatures (others)
  2 storm dragon skeletons
  A shadow dragon skeleton (Vault:7)
  2 sphinx skeletons (D:23)
  3 stone giant skeletons
  An iron troll skeleton (D:21)
  2 centaur skeletons
  A harpy skeleton (Shoals:3)
  A hydra skeleton (D:17)
  An ice dragon skeleton (D:22)
  A dragon skeleton (D:18)
  A griffon skeleton (D:21)
  24 slime creatures
  A yaktaur (D:22)
  A giant toad (Lair:8)
  A snapping turtle skeleton (Shoals:4)
  A deep elf summoner (D:22)
  10 yaktaur skeletons
  An insubstantial wisp (D:26)
  2 yak skeletons
  3 troll skeletons
  An earth elemental (Snake:4)
  An elf skeleton (D:21)
  2 big kobold skeletons
  An iron imp (Dis:5)
  2 hound skeletons
  A naga skeleton (Snake:3)
  An orc wizard (D:18)
  3 sheep (Shoals:4)
  A porcupine (Lair:5)
  A human (D:3)
  2 big fish skeletons (Hive:2)
  4 mummies
  3 snakes
  An electric eel skeleton (Hive:2)
  3 orc skeletons
  A sheep skeleton (D:19)
  A snake skeleton (D:17)
  A megabat skeleton (D:13)
  A green rat skeleton (Geh:6)
  3 orcs
  A goblin (D:4)
  2 hobgoblins
  A jackal (Lair:1)
  A giant gecko zombie (Crypt:2)
  A giant newt (D:7)
  A giant spore (D:11)
  A grey rat zombie (Dis:3)
  A killer bee larva (Hive:2)
  A kobold (D:19)
  6 kobold skeletons
  A megabat (Vault:5)
  A rat (Lair:2)
  A ballistomycete (D:11)
  3 bushes
  13 fungi
  4 plants (Lair:8)
  475 toadstools
608 creatures vanquished.

Grand Total: 4943 creatures vanquished

Notes
Turn   | Place    | Note
--------------------------------------------------------------
     0 | D:1      | SloppyApplesause, the Sludge Elf Earth Elementalist, began the quest for the Orb.
     0 | D:1      | Reached XP level 1. HP: 10/10 MP: 3/3
   131 | D:1      | Reached skill level 4 in Earth Magic
   729 | D:1      | Reached XP level 2. HP: 14/14 MP: 4/5
  1484 | D:1      | Reached XP level 3. HP: 12/20 MP: 2/7
  1668 | D:1      | Reached skill level 5 in Earth Magic
  2374 | D:3      | Noticed Jessica
  2383 | D:3      | Defeated Jessica
  2383 | D:3      | Reached XP level 4. HP: 24/24 MP: 6/9
  2427 | D:3      | Learned a level 2 spell: Stoneskin
  2431 | D:3      | Learned a level 3 spell: Passwall
  2484 | D:3      | Reached skill level 6 in Earth Magic
  2993 | D:3      | Found an ancient bone altar of Kikubaaqudgha.
  2996 | D:3      | Reached XP level 5. HP: 25/29 MP: 10/11
  3002 | D:3      | Learned a level 3 spell: Stone Arrow
  3006 | D:3      | Reached skill level 7 in Earth Magic
  3315 | D:3      | Found a snail-covered altar of Cheibriados.
  3681 | D:4      | Found a glowing drain.
  4382 | D:4      | Reached skill level 8 in Earth Magic
  4531 | D:4      | Reached XP level 6. HP: 34/34 MP: 10/14
  4561 | D:4      | Found a burning altar of Makhleb.
  4681 | D:4      | Reached skill level 9 in Earth Magic
  4954 | D:4      | Found a sand-covered staircase. 4959
                  | ossuary
                  | Entered a tomb 4979
                  | ossuary
                  | Reached XP level 7. HP: 39/39 MP: 9/16 5118
                  | ossuary
                  | Learned a level 5 spell: Lee's Rapid Deconstruction 5235
                  | ossuary
                  | Reached skill level 10 in Earth Magic 5791
                  | ossuary
                  | Reached skill level 11 in Earth Magic 5793
                  | ossuary
                  | Reached XP level 8. HP: 18/43 MP: 8/19 6026
                  | ossuary
                  | Reached skill level 5 in Spellcasting 6516
                  | ossuary
                  | Reached skill level 12 in Earth Magic
  7136 | D:5      | Entered Level 5 of the Dungeon
  7191 | D:4      | Learned a level 2 spell: Repel Missiles
  7447 | D:5      | Noticed Dowan
  7448 | D:5      | Noticed Duvessa
  7463 | D:5      | Defeated Duvessa
  7463 | D:5      | Reached XP level 9. HP: 42/49 MP: 16/21
  7464 | D:5      | Defeated Dowan
  7572 | D:5      | Found a bloodstained altar of Trog.
  7621 | D:5      | Found a glowing silver altar of Zin.
  7955 | D:6      | Found a staircase to the Ecumenical Temple.
  7968 | Temple   | Entered the Ecumenical Temple
  8170 | D:6      | Noticed Pikel
  8177 | D:6      | Defeated Pikel
  8633 | D:6      | Reached skill level 13 in Earth Magic
  8822 | D:6      | Learned a level 4 spell: Petrify
  9010 | D:7      | Noticed Joseph
  9011 | D:7      | Noticed Menkaure
  9030 | D:7      | Defeated Joseph
  9030 | D:7      | Reached XP level 10. HP: 23/53 MP: 1/24
  9058 | D:7      | Defeated Menkaure
  9234 | D:7      | Noticed Sigmund
  9239 | D:7      | Defeated Sigmund
  9305 | D:7      | Found a shattered altar of Ashenzari.
  9319 | D:7      | Became a worshipper of Ashenzari the Shackled
  9419 | D:8      | Found a radiant altar of Vehumet.
  9707 | D:8      | Gained mutation: You are agile (Dex +1).
  9722 | D:8      | Found an iron altar of Okawaru.
 10777 | D:9      | Reached skill level 14 in Earth Magic
 11092 | D:9      | Acquired Ashenzari's first power
 11803 | D:9      | Reached skill level 1 in Short Blades
 12199 | D:10     | Entered Level 10 of the Dungeon
 12519 | D:10     | Found a staircase to the Orcish Mines.
 13062 | D:10     | Reached XP level 11. HP: 48/58 MP: 15/25
 13198 | D:11     | Acquired Ashenzari's second power
 13638 | D:10     | Reached skill level 5 in Dodging
 14714 | D:11     | Reached skill level 15 in Earth Magic
 15339 | D:11     | Reached skill level 5 in Transmutations
 16154 | D:12     | Found a staircase to the Lair.
 16207 | Lair:1   | Entered Level 1 of the Lair of Beasts
 16442 | D:12     | Identified an uncursed rod of striking
 16643 | D:12     | Acquired Ashenzari's third power
 16832 | D:12     | Reached XP level 12. HP: 63/63 MP: 19/27
 17394 | Lair:1   | Reached skill level 5 in Stealth
 17562 | Lair:1   | Identified the cursed -2,-4 hammer "Jellyslayer"
 17633 | Lair:1   | Acquired Ashenzari's fourth power
 17909 | Lair:1   | Reached skill level 1 in Fighting
 18657 | Lair:2   | Reached skill level 16 in Earth Magic
 19334 | Lair:3   | Found a labyrinth entrance.
 19344 | Lab      | Entered a Labyrinth
 20619 | Lab      | Identified the +6,-3 short sword of Lyeduc (You found it in a Labyrinth)
 20619 | Lab      | Identified the +2 troll leather armour of Surprise (You found it in a Labyrinth)
 20735 | Lair:1   | Learned a level 6 spell: Iron Shot
 20761 | Lair:1   | Reached skill level 1 in Conjurations
 21252 | Lair:3   | Got the uncursed helmet of Paranoia {+Inv Int+2}
 21255 | Lair:3   | Identified the +2 helmet of Paranoia {+Inv Int+2} (You found it on level 3 of the Lair of Beasts)
 21820 | Lair:4   | Identified the cursed +3 leather armour of Context
 22289 | Lair:4   | Identified the +2 pair of gloves of Untold Secrets
 22422 | Lair:5   | Found a staircase to the Shoals.
 22835 | Lair:5   | Reached skill level 1 in Traps & Doors
 23247 | Lair:5   | Found a staircase to the Snake Pit.
 24696 | Lair:6   | Reached XP level 13. HP: 68/68 MP: 8/30
 26130 | Lair:6   | Reached skill level 17 in Earth Magic
 26736 | Lair:7   | Found a staircase to the Slime Pits.
 27288 | Lair:7   | Noticed a brain worm
 27567 | Lair:7   | Defeated a brain worm
 27571 | Lair:7   | Reached skill level 10 in Spellcasting
 28471 | Lair:8   | Entered Level 8 of the Lair of Beasts
 28782 | Lair:8   | Noticed Gastronok
 28805 | Lair:8   | Defeated Gastronok
 28805 | Lair:8   | Reached XP level 14. HP: 65/74 MP: 6/31
 30205 | Lair:8   | Reached skill level 18 in Earth Magic
 31417 | Lair:8   | Reached skill level 5 in Conjurations
 31549 | Lair:8   | Reached skill level 1 in Evocations
 32551 | Lair:1   | Gained mutation: Your muscles are strong (Str +1).
 32685 | Orc:1    | Entered Level 1 of the Orcish Mines
 33515 | Orc:3    | Found a staircase to the Elven Halls.
 34511 | Orc:4    | Entered Level 4 of the Orcish Mines
 34511 | Orc:4    | Found a bloodstained altar of Trog.
 34606 | Orc:4    | Found a dark tunnel.
 34615 | Volcano  | Entered a volcano
 35309 | Orc:4    | Noticed an orc high priest
 35806 | Orc:4    | Found a roughly hewn altar of Beogh.
 35990 | Orc:4    | Noticed a two-headed ogre
 35993 | Orc:4    | Defeated a two-headed ogre
 36163 | Orc:4    | Defeated an orc high priest
 36367 | Orc:4    | Noticed an orc high priest
 36368 | Orc:4    | Defeated an orc high priest
 36368 | Orc:4    | Reached XP level 15. HP: 82/82 MP: 27/33
 36369 | Orc:4    | Noticed an orc high priest
 36371 | Orc:4    | Reached skill level 19 in Earth Magic
 37134 | Orc:4    | Noticed an orc high priest
 37140 | Orc:4    | Defeated an orc high priest
 37286 | Orc:4    | Defeated an orc high priest
 37556 | Orc:4    | Noticed an orc high priest
 37558 | Orc:4    | Defeated an orc high priest
 37695 | Orc:4    | Found Otrooph's Jewellery Shoppe.
 37697 | Orc:4    | Found Anwaghen's Book Shoppe.
 37697 | Orc:4    | Found Apsozoz's Jewellery Shoppe.
 37698 | Orc:4    | Found Subuant's Armour Emporium.
 37708 | Orc:4    | Bought a book of Necromancy for 390 gold pieces
 37711 | Orc:4    | Bought the +3 pair of boots of Rasaink {rPois Int+1} for 550 gold pieces
 37711 | Orc:4    | Bought a +2 robe of the Archmagi for 315 gold pieces
 37713 | Orc:4    | Bought a cursed ring of hunger for 1 gold piece
 37718 | Orc:4    | Bought a book of Dreams for 975 gold pieces
 37721 | Orc:4    | Learned a level 1 spell: Animate Skeleton
 37726 | Orc:4    | Learned a level 4 spell: Alistair's Intoxication
 38574 | D:13     | Noticed wongasta's ghost (experienced DSGl)
 38901 | D:13     | Identified the +2,+4 hand axe "Kliv"
 38913 | D:13     | Defeated wongasta's ghost
 41056 | D:14     | Found a staircase to the Hive.
 41199 | D:14     | Noticed Maud
 41222 | D:14     | Defeated Maud
 41318 | D:14     | Reached skill level 10 in Dodging
 41622 | D:14     | Reached skill level 1 in Staves
 41645 | D:14     | Reached skill level 20 in Earth Magic
 41755 | Hive:1   | Entered Level 1 of the Hive
 41777 | Hive:2   | Entered Level 2 of the Hive
 42201 | Hive:1   | Identified the cursed ring of Isyuh
 42643 | Hive:2   | Reached XP level 16. HP: 85/85 MP: 35/35
 42776 | Hive:2   | Identified the cursed -2,+0 long sword "Siylagou"
 43624 | D:15     | Entered Level 15 of the Dungeon
 44211 | D:15     | Identified the cursed +0 leather armour of Unambiguity
 44968 | D:16     | Reached skill level 1 in Necromancy
 46188 | D:16     | Found Pruixeoc's Food Shop.
 46189 | D:16     | Noticed Harold
 46199 | D:16     | Defeated Harold
 47098 | D:17     | Reached skill level 21 in Earth Magic
 47396 | D:17     | Noticed a yaktaur captain
 47404 | D:17     | Defeated a yaktaur captain
 47685 | D:17     | Reached XP level 17. HP: 89/89 MP: 4/36
 48794 | D:18     | Found Tus Nann's Armour Shoppe.
 49621 | D:18     | Reached skill level 1 in Shields
 50594 | D:19     | Reached skill level 22 in Earth Magic
 50773 | D:19     | Found a staircase to the Vaults.
 51235 | D:19     | Reached XP level 18. HP: 90/97 MP: 32/37
 52511 | D:19     | Identified the +5,+1 halberd "Ziopseg" (You took it off a yaktaur captain on level 19 of the Dungeon)
 52676 | D:19     | Got the uncursed buckler of Grot {MR Int-1}
 52693 | D:19     | Identified the +2 buckler of Grot {MR Int-1} (You found it on level 19 of the Dungeon)
 52932 | D:19     | Reached skill level 23 in Earth Magic
 53160 | D:20     | Entered Level 20 of the Dungeon
 53455 | D:20     | Found Wiuplafe's Distillery.
 53464 | D:20     | Bought a potion of speed for 52 gold pieces
 53464 | D:20     | Bought a potion of confusion for 2 gold pieces
 53464 | D:20     | Bought a potion of mutation for 105 gold pieces
 53464 | D:20     | Bought a potion of strong poison for 2 gold pieces
 53464 | D:20     | Bought a potion of healing for 42 gold pieces
 53464 | D:20     | Bought a potion of heal wounds for 63 gold pieces
 53464 | D:20     | Bought a potion of heal wounds for 63 gold pieces
 53464 | D:20     | Bought a potion of healing for 42 gold pieces
 53673 | D:20     | Found a snail-covered altar of Cheibriados.
 54921 | D:21     | Noticed a deep elf conjurer
 54926 | D:21     | Defeated a deep elf conjurer
 54935 | D:21     | Noticed a deep elf priest
 54936 | D:21     | Reached XP level 19. HP: 71/101 MP: 31/38
 54936 | D:21     | Defeated a deep elf priest
 55112 | D:21     | Noticed Margery
 55121 | D:21     | Defeated Margery
 55329 | D:21     | Found a gateway to Hell.
 55528 | D:21     | Found a one-way gate to the infinite horrors of the Abyss.
 55714 | D:21     | Noticed a deep elf mage
 55715 | D:21     | Defeated a deep elf mage
 55717 | D:21     | Reached skill level 24 in Earth Magic
 55860 | D:21     | Reached skill level 5 in Fighting
 56679 | D:22     | Identified a scroll of acquirement
 56848 | D:22     | Noticed a deep elf summoner
 56851 | D:22     | Defeated a deep elf summoner
 56855 | D:22     | Noticed a deep elf mage
 56856 | D:22     | Defeated a deep elf mage
 57277 | D:22     | Defeated a deep elf summoner
 58029 | D:22     | Noticed Wiglaf
 58054 | D:22     | Defeated Wiglaf
 58420 | D:22     | Found Xeteatem's Book Boutique.
 58657 | D:22     | Reached XP level 20. HP: 109/109 MP: 39/39
 58816 | D:22     | Reached skill level 25 in Earth Magic
 62163 | D:23     | Reached skill level 26 in Earth Magic
 63585 | D:24     | Learned a level 2 spell: Blink
 63593 | D:24     | Learned a level 3 spell: Mephitic Cloud
 63738 | D:24     | Defeated a deep elf annihilator
 63765 | D:24     | Reached skill level 1 in Air Magic
 63991 | D:24     | Reached XP level 21. HP: 114/114 MP: 35/39
 64193 | D:24     | Noticed an iron dragon
 64298 | D:24     | Identified the +6,+0 morningstar of the Vaults
 64585 | D:24     | Identified the cursed +2 scale mail of the Butterfly
 64712 | D:24     | Identified the cursed ring of Oneadar
 64724 | D:24     | Learned a level 4 spell: Summon Elemental
 64970 | D:24     | Reached skill level 27 in Earth Magic
 65821 | D:24     | Found a one-way gate leading to the halls of Pandemonium.
 66379 | D:22     | Reached skill level 15 in Spellcasting
 66409 | D:22     | Reached skill level 1 in Translocations
 67108 | D:25     | Entered Level 25 of the Dungeon
 67500 | D:25     | Reached skill level 1 in Charms
 67525 | D:25     | Got an engraved book
 67526 | D:25     | Identified the Incunabulum of Unstable Stones (You acquired it on level 25 of the Dungeon)
 67536 | D:25     | Learned a level 9 spell: Shatter
 67544 | D:25     | Learned a level 4 spell: Leda's Liquefaction
 67742 | D:22     | Identified the +2 pearl dragon armour of Space
 67831 | D:22     | Noticed a quicksilver dragon
 67834 | D:22     | Defeated a quicksilver dragon
 67989 | D:22     | Bought a book of Summonings for 1995 gold pieces
 68510 | D:17     | Reached XP level 22. HP: 120/120 MP: 23/41
 69113 | Lair:2   | Reached skill level 1 in Stabbing
 69822 | Lair:1   | Learned a level 3 spell: Abjuration
 69953 | Elf:1    | Entered Level 1 of the Elven Halls
 69955 | Elf:1    | Noticed Snorg
 69956 | Elf:1    | Defeated Snorg
 69982 | Elf:1    | Noticed Urug
 69983 | Elf:1    | Defeated Urug
 70065 | Elf:1    | Found Ygohiaf's Jewellery Emporium.
 70184 | Elf:1    | Identified the +3 chain mail "Ycuowkocw"
 70576 | Elf:1    | Noticed Aizul
 70578 | Elf:1    | Defeated Aizul
 70578 | Elf:1    | Reached skill level 5 in Evocations
 70712 | Elf:1    | Reached skill level 5 in Staves
 71642 | Elf:2    | Identified the +5,+0 bow of Beogh's Righteous Fury
 72158 | Elf:3    | Found a frozen archway.
 72168 | IceCv    | Entered an ice cave
 73204 | Elf:3    | Identified the ring of the Snail
 73795 | Elf:4    | Noticed Rupert
 73796 | Elf:4    | Noticed Nergalle
 73956 | Elf:4    | Defeated Nergalle
 73962 | Elf:4    | Defeated Rupert
 74561 | Elf:4    | Noticed Roxanne
 74590 | Elf:4    | Reached skill level 1 in Summonings
 74777 | Elf:4    | Defeated Roxanne
 74812 | Elf:4    | Reached skill level 5 in Shields
 74993 | Elf:4    | Found a deep blue altar of Sif Muna.
 75107 | Elf:5    | Entered Level 5 of the Elven Halls
 75423 | Elf:5    | Found Plaukhlal's Book Shop.
 75549 | Elf:5    | Defeated a deep elf blademaster
 75550 | Elf:5    | Reached XP level 23. HP: 123/123 MP: 35/42
 75620 | Elf:5    | Noticed a deep elf master archer
 75621 | Elf:5    | Defeated a deep elf master archer
 75627 | Elf:5    | Noticed a deep elf blademaster
 76314 | Elf:5    | Identified the cursed +0 chain mail of Leaves (You took it off a deep elf death mage on level 5 of the Elven Halls)
 76377 | Elf:5    | Noticed a deep elf master archer
 76381 | Elf:5    | Defeated a deep elf master archer
 77203 | Elf:5    | Identified the +3 plate mail "Jaem" (You took it off a deep elf death mage on level 5 of the Elven Halls)
 77546 | Elf:5    | Defeated a deep elf blademaster
 78003 | Elf:5    | Identified the cursed ring of the Illusory Moons
 78009 | Elf:5    | Got an inconspicuous book
 78023 | Elf:5    | Identified the +2,+1 quarterstaff of Okawaru's Hope
 78075 | Elf:5    | Identified Jofaoc's Reference Book on Unholy Arts (You found it on level 5 of the Elven Halls)
 78992 | Snake:1  | Entered Level 1 of the Snake Pit
 79296 | Snake:1  | Found a glowing golden altar of the Shining One.
 79346 | Snake:1  | Reduced skill Transmutations to level 5
 79839 | Snake:2  | Noticed Kirke
 79842 | Snake:2  | Defeated Kirke
 79850 | Snake:2  | Reached skill level 10 in Conjurations
 79970 | Snake:2  | Learned a level 8 spell: Lehudib's Crystal Spear
 80883 | Snake:3  | Reduced skill Transmutations to level 1
 81115 | Snake:3  | Noticed Boris
 81120 | Snake:3  | Defeated Boris
 81120 | Snake:3  | Reached XP level 24. HP: 96/126 MP: 14/44
 81222 | Snake:2  | Reached skill level 1 in Poison Magic
 82441 | Snake:4  | Noticed Mennas
 82552 | Snake:5  | Entered Level 5 of the Snake Pit
 82562 | Snake:5  | Noticed Donald
 82738 | Snake:3  | Reached skill level 5 in Summonings
 82785 | Snake:3  | Reached skill level 5 in Charms
 83129 | Snake:4  | Defeated Mennas
 83351 | Snake:5  | Found Targhitte's Assorted Antiques.
 83363 | Snake:5  | Bought 2 potions of speed for 200 gold pieces
 83363 | Snake:5  | Bought a scroll of curse weapon for 4 gold pieces
 83363 | Snake:5  | Bought a scratched iron ring for 200 gold pieces
 83520 | Snake:5  | Defeated Donald
 85161 | Snake:5  | Reached XP level 25. HP: 135/135 MP: 28/45
 85426 | Snake:5  | Found a shattered altar of Ashenzari.
 85647 | Snake:5  | Found Pisohun's Book Shoppe.
 85724 | Snake:5  | Found Ypluzaog's General Store.
 85730 | Snake:5  | Bought a scroll of identify for 32 gold pieces
 85945 | Snake:5  | Got a serpentine rune of Zot
 86288 | Lair:1   | Learned a level 4 spell: Insulation
 86489 | Orc:4    | Bought a +0 buckler of fire resistance for 120 gold pieces
 87158 | D:22     | Learned a level 6 spell: Haste
 87594 | D:25     | Found Psuof's Magical Wand Shop.
 90641 | D:26     | Reached skill level 10 in Evocations
 90867 | D:27     | Entered Level 27 of the Dungeon
 91024 | D:27     | Reduced skill Conjurations to level 5
 91139 | D:27     | Reduced skill Conjurations to level 5
 91167 | D:27     | Noticed Xtahua
 91313 | D:27     | Defeated Xtahua
 91313 | D:27     | Reached XP level 26. HP: 113/137 MP: 9/45
 91778 | D:27     | Noticed Frederick
 91793 | D:27     | Defeated Frederick
 93460 | D:27     | A brown ooze changed into a guardian serpent
 93462 | D:27     | Defeated a guardian serpent
 93756 | D:27     | Noticed a deep elf high priest
 93761 | D:27     | Defeated a deep elf high priest
 94321 | D:27     | Reached skill level 5 in Translocations
 94673 | Hell     | Entered the Vestibule of Hell
 94673 | Hell     | Noticed Geryon
 95332 | Hell     | Reached XP level 27. HP: 141/141 MP: 39/46
 96601 | Hell     | Defeated Geryon
 96606 | D:27     | Reached skill level 15 in Dodging
 97737 | Shoals:1 | Entered Level 1 of the Shoals
 99487 | Shoals:3 | Identified the +1,+0 flail of Xom's Approval
100769 | Shoals:4 | Reached skill level 1 in Transmutations
100881 | Shoals:5 | Entered Level 5 of the Shoals
100881 | Shoals:5 | Noticed Agnes
100884 | Shoals:5 | Defeated Agnes
100888 | Shoals:5 | Noticed Ilsuiw
101034 | Shoals:5 | Defeated Ilsuiw
101165 | Shoals:5 | Noticed Saint Roka
101169 | Shoals:5 | Defeated Saint Roka
101717 | Shoals:5 | Found Wyc Inypieg's General Store.
101788 | Shoals:5 | Bought a scroll of teleportation for 48 gold pieces
101788 | Shoals:5 | Bought a scroll of amnesia for 80 gold pieces
101790 | Shoals:5 | Got an uncursed warped amber ring
101791 | Shoals:5 | Identified the ring of Niuloece (You found it on level 5 of the Shoals)
101877 | Shoals:5 | Noticed Polyphemus
101879 | Shoals:5 | Defeated Polyphemus
102181 | Shoals:5 | Got a barnacled rune of Zot
102833 | Snake:5  | Bought an uncursed ring of teleport control for 470 gold pieces
103128 | Lair:1   | Learned a level 1 spell: Fulsome Distillation
103174 | Lair:1   | Reached skill level 5 in Necromancy
103187 | Lair:1   | Reached skill level 5 in Transmutations
103773 | Vault:1  | Entered Level 1 of the Vaults
104493 | Vault:1  | Identified the +4 robe of Augmentation
105431 | Vault:2  | Found a staircase to the Crypt.
105459 | Crypt:1  | Entered Level 1 of the Crypt
105477 | Crypt:1  | Noticed Khufu
105483 | Crypt:1  | Defeated Khufu
106811 | Crypt:4  | Reached skill level 10 in Staves
107659 | Crypt:5  | Entered Level 5 of the Crypt
108231 | Crypt:5  | Noticed an ancient lich
108233 | Crypt:5  | Defeated an ancient lich
108565 | Crypt:4  | Reached skill level 10 in Transmutations
108683 | Crypt:5  | Noticed a lich
108685 | Crypt:5  | Defeated a lich
108710 | Crypt:5  | Noticed a lich
108711 | Crypt:5  | Defeated a lich
109037 | Crypt:5  | Learned a level 6 spell: Deflect Missiles
109207 | Crypt:5  | Found a basalt altar of Yredelemnul.
109250 | Crypt:5  | Identified the cursed -1 plate mail "Uxunenar"
110896 | Crypt:2  | Found a staircase to the Tomb.
111258 | Vault:2  | Noticed a deep elf mage
111258 | Vault:2  | Noticed a deep elf conjurer
111258 | Vault:2  | Defeated a deep elf conjurer
111260 | Vault:2  | Defeated a deep elf mage
112122 | Vault:3  | Reached skill level 10 in Necromancy
113124 | Vault:4  | A snapping turtle changed into a pulsating lump
113434 | Vault:4  | Noticed a bone dragon
113726 | Vault:4  | Defeated a bone dragon
114185 | Vault:4  | Noticed an air elemental
114186 | Vault:4  | Defeated an air elemental
114294 | Vault:4  | Found Qykaunau's Armour Boutique.
115552 | Vault:5  | Identified the +5 ring mail "Bytiew" (You took it off a vampire on level 5 of the Vaults)
115657 | Vault:5  | Found an ancient bone altar of Kikubaaqudgha.
116061 | Vault:5  | Found a staircase to the Hall of Blades.
116074 | Blade    | Entered the Hall of Blades
118090 | Vault:5  | Noticed a halberd
118108 | Vault:5  | Defeated a halberd
118530 | Vault:6  | Noticed a deep elf mage
118531 | Vault:6  | Noticed a deep elf priest
118557 | Vault:6  | Defeated a deep elf mage
118823 | Vault:6  | Defeated a deep elf priest
119791 | Vault:6  | Reached skill level 15 in Transmutations
121583 | Vault:7  | Identified the +5,+7 dagger of Chilly Death
121714 | Vault:8  | Entered Level 8 of the Vaults
121717 | Vault:8  | Noticed a golden dragon
121717 | Vault:8  | Noticed a quicksilver dragon
121717 | Vault:8  | Defeated a quicksilver dragon
121808 | Vault:7  | Reached skill level 15 in Necromancy
122302 | Vault:7  | Defeated a golden dragon
122694 | Vault:8  | Noticed a bone dragon
123185 | Vault:8  | Noticed a golden dragon
123330 | Vault:7  | Defeated a bone dragon
123333 | Vault:7  | Noticed a quicksilver dragon
123336 | Vault:7  | A quicksilver dragon changed into an alligator snapping turtle
123350 | Vault:6  | Reached skill level 27 in Spellcasting
123979 | Vault:8  | Noticed a golden dragon
123980 | Vault:8  | Noticed a bone dragon
124487 | Vault:8  | Noticed an ancient lich
124490 | Vault:8  | Defeated an ancient lich
124492 | Vault:8  | Defeated a golden dragon
124512 | Vault:7  | Defeated a bone dragon
124594 | Vault:7  | Reached skill level 10 in Translocations
125316 | Vault:8  | Defeated a golden dragon
126261 | Vault:8  | Reduced skill Summonings to level 5
126556 | Vault:7  | Reduced skill Summonings to level 5
127368 | Vault:8  | Noticed a quicksilver dragon
127370 | Vault:8  | Defeated a quicksilver dragon
128169 | Vault:7  | Reached skill level 10 in Summonings
129311 | Vault:8  | Identified the cursed -1,-4 falchion of Ancient Evil
129311 | Vault:8  | Identified the cursed +0,-4 sabre of Sloth
129311 | Vault:8  | Identified the ring of Tiynox
129312 | Vault:8  | Identified the +0,+5 broad axe of the Turnip
129316 | Vault:8  | Got a glistering book
129382 | Vault:8  | Learned a level 8 spell: Necromutation
129513 | Vault:8  | Identified a silver rune of Zot
129852 | Vault:8  | Got an uncursed sparkling brass ring
129873 | Vault:8  | Found Ginug's Jewellery Emporium.
129887 | Vault:8  | Got a conspicuous book
129888 | Vault:8  | Identified the Tome of Good Luck and Toxins (You found it on level 8 of the Vaults)
129890 | Vault:8  | Bought the ring of Xyumomo {SustAb rF+ rC+ Stlth++} for 630 gold pieces
129901 | Vault:8  | Identified the ring of Incredulity (You found it on level 8 of the Vaults)
129902 | Vault:8  | Identified the Guide on Beguiling (You found it on level 8 of the Vaults)
130265 | Vault:8  | Gained mutation: Your mind is acute (Int +1).
130933 | Lair:1   | Learned a level 5 spell: Phase Shift
131226 | Elf:5    | Bought a book of Spatial Translocations for 910 gold pieces
131232 | Elf:5    | Learned a level 4 spell: Control Teleport
131238 | Elf:5    | Learned a level 5 spell: Teleport Self
132768 | Tomb:1   | Entered Level 1 of the Tomb of the Ancients
132837 | Tomb:1   | Reduced skill Summonings to level 10
133872 | Tomb:1   | Reached skill level 10 in Summonings
134770 | Crypt:2  | Reached skill level 10 in Fighting
137173 | Tomb:2   | Reached skill level 15 in Evocations
138437 | Tomb:3   | Entered Level 3 of the Tomb of the Ancients
139144 | Tomb:3   | Identified the +3 hat of Pondering
139153 | Tomb:3   | Got the cursed pair of gloves of Distant Worlds {Dam+2}
139156 | Tomb:3   | Got a conspicuous book
139157 | Tomb:3   | Identified the Guide on Enthralling Snow (You found it on level 3 of the Tomb of the Ancients)
139248 | Tomb:3   | Identified the cursed -5 pair of gloves of Distant Worlds {Dam+2} (You found it on level 3 of the Tomb of the Ancients)
139621 | Tomb:3   | Got a golden rune of Zot
139984 | D:14     | Reached skill level 15 in Ice Magic
140147 | Lair:1   | Learned a level 2 spell: Freezing Aura
140527 | Hell     | Found a gateway to the Iron City of Dis.
140535 | Dis:1    | Entered Level 1 of the Iron City of Dis
141565 | Dis:7    | Entered Level 7 of the Iron City of Dis
141599 | Dis:7    | Reached skill level 10 in Stealth
141754 | Dis:7    | Defeated an iron dragon
141754 | Dis:7    | Defeated an iron dragon
141754 | Dis:7    | Defeated an iron dragon
141758 | Dis:7    | Identified a rod of destruction [ice]
141919 | Dis:7    | Noticed a Fiend
141923 | Dis:7    | Defeated a Fiend
141933 | Dis:7    | Learned a level 2 spell: Sublimation of Blood
141989 | Dis:7    | Identified the ring of Shaolin
142294 | Dis:7    | Noticed a Fiend
142305 | Dis:7    | Defeated a Fiend
142389 | Dis:7    | Defeated a Fiend
142390 | Dis:7    | Noticed Dispater
142392 | Dis:7    | Defeated Dispater
142400 | Dis:7    | Identified an iron rune of Zot
142406 | Dis:7    | Got the Staff of Dispater
142516 | Hell     | Found a gateway to the ashen valley of Gehenna.
142590 | Geh:1    | Entered Level 1 of Gehenna
142869 | Geh:6    | Noticed a Fiend
142882 | Geh:6    | Defeated a Fiend
142891 | Geh:6    | Noticed a Fiend
142894 | Geh:6    | Defeated a Fiend
143015 | Geh:6    | Noticed a Fiend
143022 | Geh:6    | Defeated a Fiend
143076 | Geh:7    | Entered Level 7 of Gehenna
143077 | Geh:7    | Noticed a soul eater
143088 | Geh:7    | Defeated a soul eater
143102 | Geh:7    | Noticed a soul eater
143111 | Geh:7    | Defeated a soul eater
143219 | Geh:7    | Noticed the Serpent of Hell
143326 | Geh:7    | Noticed a Fiend
143335 | Geh:7    | Killed from afar by a Fiend
